 Dungeon Crawl Stone Soup version 0.31-a0-83-gbff143cfd1 (webtiles) character file.

Game seed: 4971691031289543935

6381 shadowrider38 the Fighter (level 10, 0/87 HPs)
             Began as a Vampire Brigand on May 25, 2023.
             Was a Follower of Uskayaw.
             Succumbed to a hornet's poison
             ... on level 9 of the Dungeon.
             The game lasted 00:16:15 (8423 turns).

shadowrider38 the Fighter (Vampire Brigand)         Turns: 8423, Time: 00:16:15

Health: 0/87       AC: 11    Str: 10    XL:     10   Next: 65%
Magic:  10/13      EV:  6    Int: 17    God:    Uskayaw [*.....]
Gold:   248        SH:  0    Dex: 25    Spells: 7/9 levels left

rFire   . . .        a - +1 rapier
rCold   . . .        (no shield)
rNeg    . . .        A - +1 chain mail of Happy Babbling {Int+3 Dex+5 Stlth-}
rPois   +            (no helmet)
rElec   .            y - +1 cloak {rPois}
rCorr   .            (no gloves)
SInv    +            (no boots)
Will    +....        g - amulet of magic regeneration
Stlth   +            (no ring)
HPRegen 0.54/turn    (no ring)
MPRegen 0.53/turn

%: no passive effects
@: lethally poisoned (0 -> -16), attractive, healing quickly
A: alive, fangs 3, see invisible, vampiric 2
a: Exsanguinate, Renounce Religion, Stomp


You were on level 9 of the Dungeon.
You worshipped Uskayaw.
Uskayaw was noncommittal.
You visited 1 branch of the dungeon, and saw 9 of its levels.
You also visited: Ossuary.

You collected 516 gold pieces.
You spent 268 gold pieces at shops.

Inventory:

Hand Weapons
 a - a +1 rapier (weapon)
 b - a +2 dagger
 q - a +3 short sword
Missiles
 k - 44 poisoned darts (quivered)
 F - 9 curare-tipped darts
Armour
 o - a +0 tower shield
 y - a +1 cloak of poison resistance (worn)
 A - the +1 chain mail of Happy Babbling (worn) {Int+3 Dex+5 Stlth-}
   (You found it on level 8 of the Dungeon)

   Int:       It affects your intelligence (+3).
   Dex:       It affects your dexterity (+5).
   Stlth:     It makes you less stealthy.
Jewellery
 d - a ring of ice
 g - an amulet of magic regeneration (around neck)
Wands
 t - a wand of polymorph (1)
Scrolls
 j - a scroll of magic mapping {unknown}
 m - a scroll of torment {unknown}
 n - a scroll of amnesia
 r - 2 scrolls of fog
 u - a scroll of fear
 v - a scroll of enchant weapon
 w - a scroll of poison
 B - 3 scrolls of blinking
 T - a scroll of teleportation
Potions
 e - a potion of invisibility {unknown}
 f - 5 potions of berserk rage
 h - 2 potions of magic
 i - a potion of might
 l - 2 potions of cancellation
 p - 3 potions of attraction
 x - a potion of ambrosia
 z - a potion of lignification {unknown}


   Skills:
 - Level 11.1 Fighting
 + Level 10.4 Short Blades
 - Level 1.5 Throwing
 + Level 3.0 Dodging
 - Level 10.0 Stealth
 - Level 5.0 Invocations


You had 7 spell levels left.
You knew the following spells:

 Your Spells              Type           Power      Damage    Failure   Level
d - Blink                 Tloc           0%         N/A       100%        2

Your spell library contained the following spells:

 Spells                   Type           Power      Damage    Failure   Level
 Magic Dart               Conj           0%         1d3       100%        1
 Necrotise                Necr           0%         1d4       100%        1
 Call Imp                 Summ           0%         N/A       100%        2
 Ensorcelled Hibernation  Hex/Ice        0%         N/A       100%        2
 Lesser Beckoning         Tloc           0%         N/A       100%        2
 Momentum Strike          Conj/Tloc      0%         3d8       100%        2
 Sublimation of Blood     Necr           0%         N/A       100%        2
 Wereblood                Tmut           0%         N/A       100%        2
 Mephitic Cloud           Conj/Pois/Air  0%         N/A       100%        3
 Spider Form              Tmut/Pois      0%         N/A       100%        3
 Vampiric Draining        Necr           0%         2d6       100%        3
 Anguish                  Hex/Necr       0%         N/A       100%        4
 Petrify                  Tmut/Erth      0%         N/A       100%        4
 Agony                    Necr           0%         N/A       100%        5
 Alistair's Intoxication  Tmut/Pois      0%         N/A       100%        5
 Borgnjor's Vile Clutch   Necr/Erth      0%         N/A       100%        5
 Metabolic Englaciation   Hex/Ice        0%         N/A       100%        5
 Eringya's Noxious Bog    Tmut/Pois      0%         N/A       100%        6
 Statue Form              Tmut/Erth      0%         N/A       100%        6
 Summon Hydra             Summ           0%         N/A       100%        7


Dungeon Overview and Level Annotations

Branches:
Dungeon (9/15)             Temple (0/1) D:4         Ossuary (visited)
   Lair: D:8-11         Orc: D:9-12

Altars:
Nemelex Xobeh
Ru
Uskayaw
Wu Jian

Shops:
D:4 (   D:8 (*

Annotations:
D:2 exclusions: ball python and 3 gnolls
D:5 exclusion: downstairs


Innate Abilities, Weirdness & Mutations

Your natural rate of healing is accelerated.
You have razor-sharp teeth.
You have supernaturally acute eyesight. (SInv)
You are afflicted with vampirism and can become a bat while bloodless.


Message History

The hornet is poisoned.
You puncture the hornet!
The hornet is moderately wounded.
The hornet stings you but does no damage.
You barely miss the hornet.
The hornet is moderately wounded.
The hornet closely misses you.
You puncture the hornet!
The hornet is heavily wounded.
The hornet stings you!
You are poisoned.
You miss the hornet. You bite the hornet, but do no damage.
The hornet is heavily wounded.
You feel sick. The hornet stings you!
You are more poisoned.
You closely miss the hornet.
The hornet is heavily wounded.
You feel very sick.
The hornet stings you but does no damage.
You puncture the hornet!
The hornet is severely wounded.
You feel very sick. The hornet stings you!
You can now pass through a line of other dancers.
Okay, then.
Unknown command.
Okay, then.
You stomp with the beat, sending a shockwave through the revellers around you!
The hornet is almost dead.
You can no longer pass through a line of other dancers.
You feel very sick. The hornet stings you!
* * * LOW HITPOINT WARNING * * *
You are lethally poisoned!
The hornet completely misses you.
Okay, then.
Okay, then.
It was a potion of attraction.
You feel attractive to monsters.
* * * LOW HITPOINT WARNING * * *
You feel very sick. The hornet stings you!
* * * LOW HITPOINT WARNING * * *
It was a potion of experience.
You feel more experienced!
Your Fighting skill gained 6 levels and is now at level 11!
Training target 6.0 for Fighting reached!
You have reached level 10!
You feel clever.
You die...

### #.# #.# #<#
#.# #.# #@#
.######y########.
........(........
#.########y......
....... .......
..y.... .......
.......


You could see a hornet (poisoned).

Vanquished Creatures
  A two-headed ogre (D:9)
  A kobold demonologist (D:9)
  A wyvern (D:4)
  3 centaurs
  An ogre (D:6)
  A phantom (D:6)
  3 elf zombies (Ossuary)
  2 kobold brigands
  2 bullfrogs
  A scorpion (D:5)
  7 wights (D:7)
  A centaur zombie (Ossuary)
  3 hounds
  3 human zombies (Ossuary)
  3 orc priests
  2 gnoll boudas (D:7)
  Natasha (thrice) (D:2)
  6 orc wizards
  A sleepcap (D:7)
  2 mummies (Ossuary)
  7 gnolls
  11 adders
  A shadow imp (D:6)
  A white imp (D:7)
  2 worms
  3 dart slugs
  18 orcs
  9 endoplasms
  A giant cockroach (D:4)
  9 hobgoblins
  3 jackals (D:3)
  2 quokkas
  8 ball pythons
  2 bats
  3 frilled lizards
  7 goblins
  A goblin zombie (Ossuary)
  9 hobgoblin zombies (Ossuary)
  A jackal zombie (Ossuary)
  19 kobolds
  10 kobold zombies (Ossuary)
  7 orc zombies (Ossuary)
  5 rats
  A rat zombie (Ossuary)
187 creatures vanquished.

Notes
Turn   | Place    | Note
-------+----------+-------------------------------------------
     0 | D:1      | shadowrider38 the Vampire Brigand began the quest for the
                  | Orb.
     0 | D:1      | Reached XP level 1. HP: 16/16 MP: 1/1
   118 | D:1      | Reached XP level 2. HP: 22/22 MP: 2/2
   202 | D:1      | Reached skill level 3 in Short Blades
   516 | D:1      | Found a faded altar of an unknown god.
   610 | D:2      | Gained mutation: You are afflicted with vampirism and can
                  | become a bat while bloodless. [Vampire growth]
   610 | D:2      | Reached XP level 3. HP: 27/27 MP: 3/3
   975 | D:2      | Noticed Natasha
   994 | D:2      | Killed Natasha
   995 | D:2      | Reached XP level 4. HP: 27/33 MP: 4/4
  1000 | D:2      | Noticed Natasha
  1028 | D:2      | Killed Natasha
  1159 | D:2      | Noticed Natasha
  1169 | D:2      | Killed Natasha
  1170 | D:2      | Reached XP level 5. HP: 33/38 MP: 5/5
  1767 | D:3      | Found a sparkling altar of Nemelex Xobeh.
  1815 | D:3      | Found a sacrificial altar of Ru.
  1815 | D:3      | Found a hide-covered altar of Uskayaw.
  1823 | D:3      | Became a worshipper of Uskayaw the Reveller
  2118 | D:4      | Found a staircase to the Ecumenical Temple.
  2138 | D:4      | Reached * piety under Uskayaw
  2177 | D:4      | Found an ornate altar of the Wu Jian Council.
  2239 | D:4      | Found Utzosi's Antique Weapon Boutique.
  2752 | D:4      | Noticed a wyvern
  2774 | D:4      | Reached ** piety under Uskayaw
  2777 | D:4      | Reached *** piety under Uskayaw
  2778 | D:4      | Killed a wyvern
  2779 | D:4      | Reached XP level 6. HP: 7/44 MP: 6/6
  2926 | D:5      | Entered Level 5 of the Dungeon
  3024 | D:5      | Reached **** piety under Uskayaw
  3265 | D:5      | Learned a level 2 spell: Blink
  3282 | D:5      | Reached skill level 9 in Stealth
  3282 | D:5      | Reached XP level 7. HP: 49/49 MP: 7/7
  4008 | D:6      | Reached skill level 2 in Fighting
  4101 | D:6      | Noticed a troll
  4630 | D:6      | Tricky101: .....
  4632 | D:6      | shadowrider38: stop stalking me weirdo
  4632 | D:6      | Tricky101: dont die
  4637 | D:6      | Tricky101: :'(
  4639 | D:6      | shadowrider38: jk :D
  4654 | D:6      | Reached XP level 8. HP: 22/57 MP: 8/8
  4912 | D:6      | Tricky101: *dies*
  4913 | D:6      | shadowrider38: hows it go
  5269 | D:7      | Found a sand-covered staircase.
  5284 | Ossuary  | Entered an ossuary
  5399 | Ossuary  | Reached skill level 3 in Fighting
  5730 | Ossuary  | Reached skill level 3 in Invocations
  5737 | Ossuary  | Tricky101: last day of work
  5754 | Ossuary  | shadowrider38: last day?
  5754 | Ossuary  | shadowrider38: quitting?
  5950 | D:7      | Reached skill level 9 in Short Blades
  6019 | D:7      | Reached skill level 4 in Fighting
  6835 | D:7      | Reached XP level 9. HP: 46/61 MP: 7/11
  6989 | D:8      | Found Obofef's Serpentskin Sales.
  6990 | D:8      | Tricky101: na i have off ill be quiting when i get a offer
  6996 | D:8      | Tricky101: taking longer than expected since alot want me
                  | on site
  6996 | D:8      | Bought 6 curare-tipped darts for 93 gold pieces
  6996 | D:8      | Bought a +1 cloak of poison resistance for 175 gold pieces
  7008 | D:8      | shadowrider38: ah gotcha
  7263 | D:8      | Reached ***** piety under Uskayaw
  7712 | D:8      | Identified the +1 chain mail of Happy Babbling {Int+3 Dex+5
                  | Stlth-}
  7744 | D:8      | Found Lom Bula's Antique Weapon Shoppe.
  7803 | D:8      | Tricky101: im just sitting here going through tinder and
                  | bummble
  8226 | D:8      | shadowrider38: nice
  8226 | D:8      | shadowrider38: i guess
  8226 | D:8      | shadowrider38: had any luck recently?
  8278 | D:9      | Noticed a two-headed ogre
  8286 | D:9      | Tricky101: horny indian girl
  8297 | D:9      | Killed a two-headed ogre
  8298 | D:9      | Reached skill level 5 in Fighting
  8333 | D:9      | Noticed a kobold demonologist
  8345 | D:9      | Noticed a red devil
  8349 | D:9      | Killed a kobold demonologist
  8350 | D:9      | Reached skill level 3 in Dodging
  8350 | D:9      | shadowrider38: hah
  8422 | D:9      | HP: 3/68 [hornet (8)]
  8423 | D:9      | Reached skill level 11 in Fighting
  8423 | D:9      | Reached XP level 10. HP: 4/87 MP: 10/13
  8423 | D:9      | Succumbed to a hornet's poison

Illustrated notes

Levels and vault maps discovered:
D:1:      wander_arrival_desolate, layout_rooms,
          ebering_ecumenical_altar_sacrificial
D:2:      layout_loops_ring, minmay_cut_off, uniq_natasha
D:3:      layout_basic, nemelex_xobeh_ov_fountains_minmay, minitemple,
          small_statue_intersection
D:4:      minmay_chambers_of_fours, layout_gridville, bloody_makhleb,
          nzn_wu_jian_council_hall, minmay_temple_entry_arrows, serial_shops,
          shop
D:5:      layout_loops_cross, tso_metal_star
D:6:      layout_basic
D:7:      layout_basic, nicolae_ossuary_entry_ruins, minmay_gold_behind_fungi,
          hangedman_decor_lopped, moated_statue
D:8:      layout_basic, serial_shops, shop, guppyfry_shop_venom
D:9:      layout_small_grid, kennysheep_little_box,
          gammafunk_temple_overflow_pools, old_standard_altar,
          nicolae_overflow_squiral

Skill      XL: |  1  2  3  4  5  6  7  8  9 |
---------------+----------------------------+-----
Stealth        | 6 7 8 9 10 | 10.0
Short Blades   | 3 4 6 7 8 9 10 | 10.4
Fighting       | 2 4 11 | 11.1
Invocations    | 1 3 5 |  5.0
Dodging        | 3 |  3.0
Throwing       | |  1.5

Action                     |  1- 3 |  4- 6 |  7- 9 | 10-12 || total
---------------------------+-------+-------+-------+-------++-------
  Melee: Dagger            |   126 |   156 |    21 |       ||   303
         Bite              |    13 |    10 |    64 |       ||    87
         Punch             |     2 |     2 |     7 |       ||    11
         Rapier            |       |       |   307 |       ||   307
         Short sword       |       |       |   119 |       ||   119
  Throw: Dart              |       |       |     3 |       ||     3
 Invoke: Stomp             |       |     1 |     1 |       ||     2
         Line Pass         |       |       |     3 |       ||     3
  Evoke: Wand              |       |     1 |     2 |       ||     3
    Use: Scroll            |       |     8 |     8 |       ||    16
         Potion            |       |       |     3 |       ||     3
   Stab: Sleeping          |     8 |    16 |    24 |       ||    48
         Distracted        |     1 |       |       |       ||     1
         Paralysed         |       |     4 |     9 |       ||    13
         Confused          |       |       |     1 |       ||     1
 Armour: Robe              |    17 |     2 |       |       ||    19
         Leather armour    |       |    21 |   111 |       ||   132
         Chain mail        |       |       |     5 |       ||     5
  Dodge: Dodged            |    58 |    52 |   197 |       ||   307

Table legend: (Time is in decaauts)
 A = Elapsed time spent in this place.
 B = Non-inter-level travel time spent in this place.
 C = Inter-level travel time spent in this place.
 D = Time resting spent in this place.
 E = Time spent auto-exploring this place.
 F = Levels seen in this place.
 G = Mean time per level.
                   A        B        C        D        E       F      G
               +--------+--------+--------+--------+--------+-----+--------+
         Total |   8254 |   7880 |    374 |   1376 |   4573 |  10 |  825.4 |
       Dungeon |   7806 |   7432 |    374 |   1250 |   4489 |   9 |  867.3 |
       Ossuary |    448 |    448 |      0 |    126 |     84 |   1 |  448.0 |
               +--------+--------+--------+--------+--------+-----+--------+

Top non-repeatable levels by time:
     D:6: 1489 daAuts
     D:7: 1416 daAuts
     D:8: 1031 daAuts
     D:4: 979 daAuts
     D:2: 910 daAuts
     D:5: 791 daAuts
     D:1: 538 daAuts
     D:3: 512 daAuts
 Ossuary: 448 daAuts
     D:9: 136 daAuts
